Map: Dusk Towers

Players

Shadow

  • Race: Zerg Zerg
  • League: Master

MorN - Winner!

  • Race: Terran Terran
  • League: Master

VOD

Have the link to the VOD?

Description

Time

  • Played on: Dec. 26, 2015, 2:09 a.m.
  • Length: 16:07
Show
View Real Time Build Order
Export as new Build Order

Shadow Zerg 

Build Orders: Hatch First 

Get SALT Encoding   

  12  0:02  Drone  
  13  0:14  Overlord  
  13  0:19  Drone  
  14  0:33  Drone x2  
  16  0:37  Drone  
  17  0:53  Hatchery  
  17  0:56  Drone  
  17  1:03  Drone  
  18  1:04  Extractor  
  17  1:14  Spawning Pool  
  17  1:16  Drone  
  17  1:22  Drone  
  18  1:45  Drone  
  18  1:46  Hatchery  
  18  1:48  Drone  
  19  2:01  Queen  
  21  2:07  Metabolic Boost  
  21  2:09  Zergling x2  
  22  2:18  Queen  
  22  2:22  Drone  
  25  2:25  Zergling x2  
  25  2:29  Drone  
  27  2:42  Extractor, Queen  
  28  2:51  Overlord  
  28  2:58  Queen  
  30  3:06  Drone x3  
  30  3:12  Drone x3  
  35  3:13  Drone  
  35  3:17  Drone  
  37  3:28  Drone x2  
  39  3:37  Zergling x4  
  39  3:38  Drone  
  39  3:39  Overlord  
  41  3:46  Roach Warren  
  40  3:48  Lair  
  40  3:52  Drone x2  
  40  3:53  Overlord  
  42  4:02  Drone x2  
  44  4:03  Drone x2  
  44  4:04  Drone x2  
  44  4:09  Drone x2  
  50  4:12  Overlord  
  50  4:18  Evolution Chamber  
  50  4:20  Overlord  
  50  4:23  Overlord  
  49  4:31  Overlord  
  46  4:41  Spine Crawler  
  42  4:48  Overlord  
  42  4:49  Drone x7  
  42  4:50  Drone x4  
  42  4:52  Glial Reconstitution  
  53  4:56  Zerg Missile Weapons Level 1  
  53  4:57  Drone  
  54  5:13  Overlord  
  54  5:14  Drone  
  54  5:15  Drone x6  
  54  5:16  Drone  
  62  5:28  Drone, Extractor  
  62  5:29  Overlord, Extractor  
  62  5:30  Queen  
  63  5:37  Roach x2  
  63  5:38  Drone x3, Roach  
  72  5:44  Drone  
  72  5:47  Roach x3  
  79  5:52  Drone  
  80  6:02  Drone  
  81  6:07  Overlord  
  81  6:09  Drone  
  82  6:12  Ravager x2  
  82  6:13  Overlord x2, Ravager x2  
  82  6:14  Overlord x2  
  82  6:15  Overlord  
  82  6:16  Extractor  
  85  6:21  Extractor  
  85  6:23  Overlord  
  85  6:24  Roach  
  85  6:25  Roach x5  
  96  6:33  Roach x2, Zergling x2  
  99  6:40  Roach x2, Zergling x6  
  86  6:54  Roach, Zergling x4  
  86  6:55  Roach x2, Zergling x4  
  92  7:05  Drone  
  92  7:06  Drone x3  
  92  7:07  Roach x2  
  92  7:08  Roach  
  102  7:12  Ravager x3  
  105  7:21  Overlord  
  105  7:30  Drone  
  105  7:31  Drone x2  
  105  7:32  Overlord x3  
  105  7:33  Roach, Zergling x2  
  95  7:46  Drone x4  
  95  7:47  Drone x5  
  95  7:48  Drone  
  103  7:56  Roach x2  
  103  7:57  Ravager  
  103  7:58  Ravager x4  
  112  7:59  Ravager  
  112  8:00  Zergling x2  
  112  8:01  Zergling x2  
  115  8:07  Spore Crawler  
  115  8:08  Spore Crawler, Roach, Zergling x2  
  115  8:09  Hatchery, Queen, Roach, Zergling x2  
  120  8:21  Roach  
  120  8:22  Roach x6  
  134  8:36  Drone  
  135  8:44  Roach  
  135  8:45  Roach  
  141  8:48  Roach  
  141  8:51  Spore Crawler, Spine Crawler, Drone x2  
  141  8:52  Spore Crawler, Drone x3  
  141  8:53  Drone x3  
  146  8:56  Ravager, Zerg Missile Weapons Level 2  
  146  9:02  Roach  
  149  9:03  Roach x4  
  157  9:16  Roach, Zergling x2  
  157  9:17  Roach x3, Zergling x4  
  165  9:23  Zergling x2  
  165  9:24  Roach  
  169  9:27  Zergling x2  
  169  9:28  Roach  
  169  9:30  Queen  
  172  9:33  Roach  
  172  9:34  Roach x2  
  172  9:37  Ravager x9  
  187  9:38  Zergling x2  
  187  9:42  Spore Crawler  
  187  9:43  Spine Crawler  
  178  9:54  Roach, Zergling x2  
  178  9:55  Roach x4, Zergling x6  
  178  10:12  Roach x4  
  185  10:16  Spire  
  180  10:22  Queen  
  180  10:23  Roach, Zergling x2  
  180  10:24  Roach  
  185  10:31  Roach  
  185  10:32  Overlord, Roach, Queen  
  185  10:33  Queen  
  191  10:49  Queen  
  191  10:53  Roach x2, Zergling x4  
  191  10:55  Overlord  
  199  11:00  Overlord  
  160  11:17  Zergling x2  
  160  11:18  Roach x2  
  113  11:19  Roach x9  
  113  11:22  Ravager  
  117  11:30  Ravager x2  
  117  11:31  Ravager  
  120  11:34  Zerg Ground Armor Level 1  
  120  11:39  Roach  
  122  11:40  Infestation Pit, Roach x5  
  122  11:42  Ravager  
  122  11:43  Ravager x4  
  122  11:44  Roach, Zergling x2  
  139  11:53  Roach x3, Zergling x2  
  144  11:57  Roach x4, Zergling x8  
  144  11:58  Roach  
  156  12:08  Roach, Zergling x4  
  128  12:09  Roach, Zergling x2  
  128  12:10  Zergling x2  
  122  12:17  Roach, Zergling x4  
  122  12:18  Zergling x2  
  126  12:23  Hive  
  126  12:27  Drone x3  
  126  12:28  Drone x5, Queen  
  130  12:38  Overlord  
  130  12:39  Roach x2  
  130  12:40  Roach x2  
  130  12:42  Overseer  
  138  12:48  Roach x3  
  144  12:51  Roach  
  144  12:58  Roach x2, Zergling x2  
  140  13:01  Roach, Zergling x4  
  125  13:05  Roach, Zergling x2  
  125  13:06  Roach  
  125  13:11  Roach, Zergling x2  
  124  13:16  Roach x2, Zergling x2  
  123  13:21  Roach, Zergling x4  
  123  13:22  Roach  
  129  13:30  Zerg Ground Armor Level 2  
  121  13:44  Zergling x2  
  121  13:45  Roach x3, Zergling x6  
  125  13:52  Overseer  
  125  14:00  Roach x6  
  125  14:01  Roach  
  139  14:16  Ravager  
  140  14:18  Ravager x2  
  140  14:20  Ravager  
  140  14:21  Roach x2, Zergling x4  
  140  14:22  Roach x2, Zergling x2  
  154  14:27  Pathogen Glands  
  154  14:29  Viper  
  157  14:34  Roach  
  106  14:58  Roach x3, Zergling x6  
  106  14:59  Roach x2, Zergling x6  
  81  15:11  Infestor x2  
Show
View Real Time Build Order
Export as new Build Order

MorN Terran - Winner!

Build Orders: Reaper Expand, MMM Bio 

Get SALT Encoding   

  12  0:00  SCV  
  13  0:12  SCV  
  14  0:18  Supply Depot  
  14  0:25  SCV  
  15  0:40  SCV  
  15  0:41  Barracks  
  16  0:46  Refinery  
  16  0:52  SCV  
  17  1:04  SCV  
  18  1:16  SCV  
  19  1:30  Reaper  
  19  1:32  Orbital Command  
  20  1:40  Command Center  
  20  1:51  Refinery  
  20  1:52  Supply Depot  
  20  1:58  SCV  
  21  2:03  Barracks Reactor  
  21  2:10  SCV  
  22  2:22  SCV, Factory  
  23  2:34  SCV  
  24  2:46  SCV  
  24  2:47  Marine x2  
  27  2:55  Orbital Command  
  27  3:10  Barracks  
  27  3:11  Barracks  
  28  3:21  Barracks Tech Lab  
  28  3:22  Engineering Bay  
  28  3:25  Engineering Bay  
  27  3:28  Hellion x2  
  31  3:37  SCV  
  32  3:43  SCV  
  33  3:49  SCV, Hellion, Stimpack  
  33  3:52  Hellion  
  33  3:55  SCV  
  39  3:56  Supply Depot  
  39  4:03  Barracks Reactor x2  
  39  4:07  SCV  
  39  4:09  Terran Infantry Weapons Level 1  
  40  4:11  Terran Infantry Armor Level 1  
  40  4:18  SCV  
  40  4:23  SCV, Hellion x2  
  46  4:29  Starport  
  46  4:32  SCV  
  47  4:45  SCV  
  48  4:48  Hellion x2  
  48  4:50  SCV  
  48  4:52  Supply Depot  
  53  4:53  Marine  
  54  5:00  Supply Depot  
  54  5:13  Marine x5  
  54  5:14  SCV x2  
  61  5:18  Armory  
  61  5:21  Medivac x2  
  61  5:24  Supply Depot  
  61  5:26  SCV  
  61  5:27  Supply Depot  
  66  5:29  SCV  
  66  5:31  Marine x2  
  66  5:34  Missile Turret  
  69  5:35  Missile Turret  
  69  5:38  SCV, Factory Reactor  
  70  5:45  Marine x3  
  70  5:46  Supply Depot  
  70  5:49  SCV  
  74  5:59  Marine x2  
  74  6:00  Combat Shields  
  74  6:01  Supply Depot, Medivac  
  74  6:02  Medivac  
  80  6:04  SCV  
  81  6:13  SCV  
  81  6:16  SCV  
  81  6:17  Supply Depot  
  81  6:18  Marine x4  
  86  6:24  Hellion x2  
  86  6:25  Marine  
  92  6:35  Marine  
  92  6:36  Marine x2  
  83  6:53  Marine x2  
  83  6:54  Marauder, Marine x2  
  70  7:06  Terran Infantry Weapons Level 2  
  70  7:09  Terran Infantry Armor Level 2  
  70  7:11  Command Center, Marine x3  
  73  7:16  Barracks, Marauder  
  73  7:17  Barracks  
  73  7:19  SCV x2  
  73  7:22  Refinery  
  77  7:23  Refinery  
  77  7:25  Supply Depot  
  75  7:46  Marine  
  75  7:47  Marauder, Marine x3  
  75  7:50  Medivac x2  
  82  7:54  Supply Depot  
  82  8:04  Marine x2  
  82  8:05  Barracks Reactor x2, Marine  
  85  8:09  Marauder  
  85  8:11  Supply Depot, Widow Mine x2  
  91  8:29  Marine  
  91  8:30  Marauder, Marine  
  95  8:35  SCV  
  95  8:38  Medivac x2  
  95  8:39  Marine x2  
  102  8:44  Barracks  
  102  8:45  Barracks  
  102  8:46  SCV  
  102  8:47  Barracks  
  102  8:48  SCV  
  104  8:52  Orbital Command  
  104  8:58  SCV, Marine x5  
  104  8:59  Marauder  
  104  9:01  Widow Mine x2, Marine x2  
  118  9:07  Marine  
  119  9:10  Supply Depot  
  119  9:15  Marine  
  119  9:16  Marine  
  121  9:18  Marine x2  
  121  9:20  Marauder  
  120  9:26  Marine x2  
  121  9:35  Marine x3  
  121  9:36  Barracks Tech Lab x2  
  121  9:37  Barracks Tech Lab  
  121  9:38  Terran Infantry Weapons Level 3  
  124  9:40  SCV x3  
  124  9:41  Refinery  
  124  9:42  Refinery, Marauder  
  129  9:52  SCV  
  127  9:57  Marine x2  
  127  9:58  Marauder  
  128  10:03  Marauder, Marine x2  
  128  10:04  Marauder  
  128  10:05  Marine x2  
  128  10:06  Medivac  
  132  10:17  Marine x3  
  132  10:19  Terran Infantry Armor Level 3  
  132  10:20  SCV x2, Marauder  
  132  10:21  SCV  
  138  10:25  Marauder x2  
  142  10:32  SCV  
  142  10:33  SCV  
  141  10:35  Marine  
  141  10:36  Marine  
  141  10:38  SCV  
  141  10:40  Marine x3  
  141  10:41  Marauder  
  149  10:46  Marauder x2  
  153  10:53  Command Center  
  153  11:02  Marauder  
  155  11:07  Marauder  
  155  11:09  Marine x2  
  155  11:10  Marauder  
  148  11:18  Marine x4  
  120  11:20  Marine x2  
  120  11:24  Marauder  
  119  11:25  SCV  
  119  11:27  Terran Vehicle And Ship Armor Level 1, Marine x2  
  119  11:28  Widow Mine x2  
  119  11:29  Medivac x2, Marauder  
  119  11:31  Marauder  
  133  11:35  Marine x2  
  133  11:36  SCV x2  
  137  11:45  Marauder  
  137  11:46  Marine x2  
  141  11:50  Marauder  
  141  11:58  Marine  
  141  11:59  Marauder, Medivac  
  143  12:05  Marine x2  
  143  12:07  Marauder  
  131  12:11  Marine x2  
  131  12:12  Marauder, Marine x3  
  126  12:20  Marauder  
  126  12:24  Marine x2  
  126  12:27  Marine  
  126  12:28  Marauder  
  126  12:29  Planetary Fortress, Marine x3  
  133  12:30  Marine  
  133  12:34  Marauder  
  133  12:36  Marine  
  138  12:37  Medivac x2  
  138  12:38  SCV  
  138  12:41  Marine  
  138  12:42  Marauder, Marine  
  147  12:45  Marine  
  147  12:47  Marine  
  147  12:49  Marauder  
  151  12:54  Marine  
  151  12:55  Marauder  
  151  12:56  Marine  
  151  12:58  Marine  
  148  13:03  Marauder  
  134  13:06  Marine x5  
  134  13:11  Marauder  
  139  13:13  Marine  
  139  13:14  Marine  
  139  13:16  Marauder, Marine  
  142  13:23  Marine  
  142  13:25  Marine x4, Marauder  
  145  13:31  Medivac x2, Marine  
  145  13:32  Marauder  
  152  13:35  Ghost Academy  
  152  13:38  Marauder  
  145  13:45  Marine x3  
  145  13:46  Liberator x2, Marauder  
  145  13:48  Refinery, Widow Mine x2  
  141  13:50  Refinery  
  141  13:53  Marauder  
  145  13:59  Marauder  
  145  14:07  Command Center, Marauder  
  145  14:09  Starport  
  153  14:10  Starport  
  153  14:12  Starport  
  153  14:15  Marauder  
  155  14:21  Widow Mine, Marauder  
  155  14:22  Widow Mine  
  161  14:29  Marauder  
  161  14:31  Liberator x3  
  163  14:36  Marauder  
  146  14:46  Marauder, Marine  
  146  14:49  Widow Mine  
  149  14:54  Marauder, Marine  
  149  14:55  Marine x2  
  149  14:58  Marine x2, Marauder  
  149  14:59  Widow Mine  
  151  15:05  Marine  
  151  15:08  Marauder  
  151  15:13  Marine  
  151  15:14  Marine x4  
  155  15:18  Widow Mine  
  160  15:22  Marauder, Marine x2  
  160  15:23  Marine x2  
  160  15:28  Widow Mine  
  168  15:31  Marine  
  168  15:34  Marine x4  
  168  15:35  Marine  
  174  15:41  Marauder  
  176  15:44  Starport Tech Lab  
  176  15:45  Starport Reactor x2  
Tags
 
Add a new tag
Caveats
  • Supply blocks, unpowered buildings, or Contaminate may cause inaccurate times.
  • Supply counts are checked every 10 seconds.